 Dungeon Crawl Stone Soup version 0.30-a0-715-gdb4ae3ece1 (webtiles) character file.

Game seed: 17687520606925126856

420 BigDaddyOpFi the Frost Mage (level 6, 0/38 HPs)
             Began as an Octopode Ice Elementalist on Jan 23, 2023.
             Slain by an orc
             ... wielding a +0 trident
              (5 damage)
             ... on level 3 of the Dungeon.
             The game lasted 00:04:55 (3196 turns).

BigDaddyOpFi the Frost Mage (OpIE)                  Turns: 3196, Time: 00:04:56

Health: 0/38       AC:  1    Str:  8    XL:     6   Next: 94%
Magic:  16/16      EV: 18    Int: 19    God:
Gold:   54         SH:  0    Dex: 12    Spells: 12/19 levels left

rFire   . . .      SeeInvis .    b - +1 war axe (elec)
rCold   . . .      Faith    .    (no shield)
rNeg    . . .      Spirit   .    (helmet restricted)
rPois   .          Reflect  .    d - amulet of regeneration
rElec   .          Harm     .    c - +5 ring of evasion
rCorr   .          Rampage  .    i - ring of willpower
Will    +....                    (no ring)
Stlth   +++                      (no ring)
HPRegen 1.06/turn                (no ring)
MPRegen 0.15/turn                (no ring)
                                 (no ring)
                                 (no ring)

@: mighty, marked
A: almost no armour, amphibious, 8 rings, camouflage 1, gelatinous body 1,
(nimble swimmer 1), tentacles
a: no special abilities


You were on level 3 of the Dungeon.
You visited 1 branch of the dungeon, and saw 3 of its levels.

You collected 54 gold pieces.

Inventory:

Hand Weapons
 b - a +1 war axe of electrocution (weapon)
 f - a +0 dagger
Missiles
 j - a boomerang
Jewellery
 c - a +5 ring of evasion (left tentacle)
 d - an amulet of regeneration (around mantle)
 i - a ring of willpower (right tentacle)
Scrolls
 e - a scroll of enchant armour
 g - a scroll of blinking {unknown}
 h - 2 scrolls of magic mapping {unknown}
 k - 2 scrolls of identify
Potions
 a - a potion of magic
 m - a potion of invisibility {unknown}


   Skills:
 + Level 1.1 Fighting
 + Level 0.9 Axes
 + Level 2.6 Dodging
 + Level 3.6 Stealth
 - Level 7.4 Spellcasting
 + Level 1.2 Summonings
 - Level 8.9 Ice Magic


You had 12 spell levels left.
You knew the following spells:

 Your Spells              Type           Power      Damage    Failure   Level
a - Freeze                Ice            100%       1d10      1%          1
b - Frozen Ramparts       Ice            82%        1d13      1%          3
c - Ozocubu's Armour      Ice            41%        N/A       1%          3

Your spell library contained the following spells:

 Spells                   Type           Power      Damage    Failure   Level
 Summon Ice Beast         Ice/Summ       26%        N/A       12%         4


Dungeon Overview and Level Annotations

Branches:
Dungeon (3/15)

Altars:

Shops:
D:3 :


Innate Abilities, Weirdness & Mutations

You cannot wear most types of armour.
You are amphibious.
You can wear up to eight rings at the same time.
Your skin changes colour to match your surroundings (Stealth+).
Your rubbery body absorbs attacks. (AC +1, EV +1)
((You are camouflaged when in or above water. (Stealth+)))
You have tentacles for arms and can constrict up to eight enemies at once.


Message History

The orc is heavily wounded.
You constrict the orc. The orc misses you. x2
You hit the orc.
You kill the orc!
You barely miss the orc. The orc hits you with a +0 club.
You barely miss the gnoll. Your grab misses the gnoll.
You closely miss the orc.
The orc hits you from afar with a +0 trident!
The gnoll hits you with a +0 club.
The orc hits you from afar with a +0 trident.
An orc comes into view. It is wielding a +0 dagger.
The orc hits you with a +0 club. The orc hits you with a +0 dagger.
The gnoll closely misses you.
You are too injured to fight recklessly!
Sorry, you're not good enough to have a special ability.
The orc attacks as you move away! The orc closely misses you.
The orc attacks as you move away! The orc hits you with a +0 dagger.
The orc attacks as you move away! The orc hits you with a +0 club.
* * * LOW HITPOINT WARNING * * *
The gnoll completely misses you.
The gnoll hits you from afar with a +0 spear!
* * * LOW HITPOINT WARNING * * *
Okay, then.
Okay, then.
It was a potion of might.
You feel very mighty all of a sudden. The orc barely misses you.
The gnoll completely misses you. The orc misses you.
The orc hits you with a +0 dagger.
* * * LOW HITPOINT WARNING * * *
The gnoll misses you.
Okay, then.
You completely miss the gnoll. Your grab misses the gnoll.
You squeeze the gnoll!
You kill the gnoll!
You slash the orc! Lightning courses through the orc!!
You kill the orc!
You slash the orc!
You kill the orc!
The orc hits you from afar with a +0 trident.
You die...

#######''''#############...#~~.
#....# ...#+###≈~P #....# ....
#.~≈~. #..))# ..... #.~≈~.
#..))#######''### #.~≈~.
..#...)#.....g...#. #.~≈~.
8..'....'...)oo...'. #.~~~.
#8..'....'.)))g....#: #.~≈~.
....#8..8#..@......#. #.~≈~.
#################### #.~~~.
#+###≈~.
##########################...#≈~P
...÷.....................#.og#≈~.
~~≈≈~~≈~~~~~~~~≈~~~~~≈~~~#####≈~.
≈≈≈≈≈≈≈≈≈≈~≈≈≈≈≈≈≈~≈≈≈≈≈≈≈≈≈≈≈~~.
÷~~÷÷~~~~~~≈≈~~~≈~~~~~~≈≈~~~~~~~.
P................P.............P.


You could see 2 gnolls and 2 orcs.

Vanquished Creatures
  A kobold brigand (D:3)
  2 howler monkeys (D:3)
  An orc priest (D:3)
  An orc wizard (D:3)
  6 gnolls (D:3)
  3 adders
  A dart slug (D:3)
  17 orcs (D:3)
  2 ball pythons
  3 bats
  4 endoplasms
  8 giant cockroaches
  3 goblins (D:1)
  3 hobgoblins
  17 jackals (D:3)
  3 kobolds
  2 quokkas
  4 frilled lizards (D:1)
  3 rats (D:1)
84 creatures vanquished.

Vanquished Creatures (others)
  A plant (D:3)
1 creature vanquished.

Grand Total: 85 creatures vanquished

Notes
Turn   | Place    | Note
-------+----------+-------------------------------------------
     0 | D:1      | BigDaddyOpFi the Octopode Ice Elementalist began the quest
                  | for the Orb.
     0 | D:1      | Reached XP level 1. HP: 11/11 MP: 3/3
   217 | D:1      | Reached XP level 2. HP: 17/17 MP: 3/5
   842 | D:1      | Reached XP level 3. HP: 21/21 MP: 6/6
  1858 | D:3      | Reached skill level 8 in Ice Magic
  1858 | D:3      | Reached XP level 4. HP: 20/27 MP: 8/13
  1933 | D:3      | Reached XP level 5. HP: 29/31 MP: 7/14
  2239 | D:3      | Learned a level 3 spell: Frozen Ramparts
  2243 | D:3      | Learned a level 3 spell: Ozocubu's Armour
  2388 | D:3      | Found Penosocw's Book Emporium.
  2523 | D:3      | Reached XP level 6. HP: 37/37 MP: 10/16
  3111 | D:3      | Reached skill level 1 in Fighting
  3111 | D:3      | Reached skill level 1 in Summonings
  3196 | D:3      | Slain by an orc

Illustrated notes

Levels and vault maps discovered:
D:1:      dpeg_arrival_houses_and_road, layout_loops_ring, hex_medium,
          nicolae_titane
D:2:      layout_loops_cross, grunt_ministairs_8
D:3:      lemuel_castle_with_subvaults [lemuel_castle_interior_carwin_2],
          layout_basic, serial_shops, shop_statue

Skill      XL: |  1  2  3  4  5  6 |
---------------+-------------------+-----
Stealth        | 3 |  3.6
Spellcasting   | 7 |  7.4
Ice Magic      | 8 |  8.9
Fighting       | 1 |  1.1
Summonings     | 1 |  1.2
Axes           | |  0.9
Dodging        | |  2.6

Action                     |  1- 3 |  4- 6 || total
---------------------------+-------+-------++-------
  Melee: Unarmed           |     7 |       ||     7
         Constrict         |     5 |    13 ||    18
         Dagger            |    14 |    18 ||    32
         Tentacles         |     2 |     4 ||     6
         Punch             |     1 |       ||     1
         War axe           |       |    14 ||    14
   Cast: Freeze            |    38 |    56 ||    94
         Frozen Ramparts   |       |     4 ||     4
    Use: Scroll            |     2 |     1 ||     3
         Potion            |     1 |     1 ||     2
   Stab: Sleeping          |     6 |       ||     6
 Armour: Skin              |     3 |     3 ||     6
  Dodge: Dodged            |    38 |    88 ||   126

Table legend: (Time is in decaauts)
 A = Elapsed time spent in this place.
 B = Non-inter-level travel time spent in this place.
 C = Inter-level travel time spent in this place.
 D = Time resting spent in this place.
 E = Time spent auto-exploring this place.
 F = Levels seen in this place.
 G = Mean time per level.
                   A        B        C        D        E       F      G
               +--------+--------+--------+--------+--------+-----+--------+
         Total |   3199 |   3096 |    103 |    596 |   2031 |   3 | 1066.3 |
       Dungeon |   3199 |   3096 |    103 |    596 |   2031 |   3 | 1066.3 |
               +--------+--------+--------+--------+--------+-----+--------+

Top non-repeatable levels by time:
     D:3: 1454 daAuts
     D:1: 1085 daAuts
     D:2: 660 daAuts
